 Dungeon Crawl Stone Soup version 0.22-a0-248-gc8378ba3fb (webtiles) character file.

20784 NooBeakApe the Basher (level 12, -1/114 HPs)
             Began as a Pale Draconian Skald on Feb 28, 2018.
             Was a Priest of Fedhas.
             Slain by a spiny frog (19 damage)
             ... on level 3 of the Lair of Beasts.
             The game lasted 00:46:55 (14901 turns).

NooBeakApe the Basher (Pale Draconian Skald)       Turns: 14901, Time: 00:46:56

Health: -1/114     AC: 11    Str: 16    XL:     12   Next: 48%
Magic:  16/16      EV: 23    Int: 15    God:    Fedhas [***...]
Gold:   958        SH:  0    Dex: 17    Spells: 3/15 levels left

rFire    . . .     SeeInvis .   y - +2 hand axe (elec)
rCold    . . .     Gourm    .   (no shield)
rNeg     . . .     Faith    .   (armour unavailable)
rPois    .         Spirit   .   (helmet restricted)
rElec    .         Reflect  .   (no cloak)
rCorr    .         Harm     .   B - +0 pair of gloves
MR       .....                  v - +1 pair of boots
Stlth    ++........             (no amulet)
HPRegen  0.29/turn              L - +3 ring of strength
MPRegen  0.15/turn              E - +4 ring of evasion

@: no status effects
A: breathe steam, unfitting armour, agile 1, robust 1, cold-blooded, AC +8
a: Breathe Steam, Fungal Bloom, Evolution, Sunlight, Growth, Renounce Religion


You were on level 3 of the Lair of Beasts.
You worshipped Fedhas.
Fedhas was most pleased with you.
You were not hungry.

You visited 3 branches of the dungeon, and saw 16 of its levels.

You collected 958 gold pieces.

Inventory:

Hand Weapons
 l - a +4 whip
 p - a +2 long sword of venom
 y - a +2 hand axe of electrocution (weapon)
 C - a +3 morningstar
 H - a +1 whip of freezing
 U - the +6 long sword of Springtime {flame, rPois}
   (You found it on level 4 of the Lair of Beasts)

   It has been specially enchanted to burn those struck by it, causing extra
   injury to most foes and up to half again as much damage against particularly
   susceptible opponents.
   Big, fiery blades are also staple armaments of hydra-hunters.
   It protects you from poison.
Armour
 v - a +1 pair of boots (worn)
 B - a +0 pair of gloves (worn)
Magical Staves
 c - an uncursed staff of air
Jewellery
 n - an uncursed ring of ice
 r - a +3 ring of evasion
 t - an uncursed ring of positive energy
 E - a +4 ring of evasion (right hand)
 L - a +3 ring of strength (left hand)
 N - an uncursed ring of ice
Wands
 f - a wand of scattershot (3)
 o - a wand of enslavement (6)
 G - a wand of polymorph (16)
 I - a wand of digging (26)
 K - a wand of random effects (77)
 P - a wand of iceblast (4)
 Q - a wand of acid (11)
Scrolls
 b - 7 scrolls of fog
 e - a scroll of identify
 g - 5 scrolls of enchant armour
 i - a scroll of blinking
 k - 7 scrolls of teleportation
 u - 2 scrolls of fear
 A - 3 scrolls of enchant weapon
 F - a scroll of vulnerability
 M - a scroll of magic mapping
 O - a scroll of immolation
 S - a scroll of amnesia
Potions
 a - 4 potions of heal wounds
 d - 3 potions of agility
 j - 3 potions of magic
 m - a potion of lignification
 q - 3 potions of berserk rage
 s - 5 potions of haste
 w - a potion of ambrosia
 x - a potion of resistance
 z - 2 potions of curing
 D - 4 potions of brilliance
 J - 2 potions of mutation
 R - 2 potions of flight
Comestibles
 h - 27 rations
 T - a chunk of flesh


   Skills:
 - Level 9.0 Fighting
 * Level 11.4 Maces & Flails
 * Level 9.5 Dodging
 - Level 2.0 Spellcasting
 - Level 2.0 Hexes
 + Level 7.9 Charms
 - Level 3.0 Necromancy
 - Level 2.0 Translocations
 + Level 6.1 Invocations
 + Level 6.2 Evocations


You had 3 spell levels left.
You knew the following spells:

 Your Spells              Type           Power        Failure   Level  Hunger
a - Song of Slaying       Chrm           ####....     1%          2    ###....
b - Shroud of Golubria    Chrm/Tloc      ###.......   4%          2    ###....
c - Regeneration          Chrm/Necr      ###.......   7%          3    ###....
d - Spectral Weapon       Hex/Chrm       ###.....     9%          3    ###....
f - Blink                 Tloc           N/A          14%         2    ###....


Dungeon Overview and Level Annotations

Branches:
Dungeon (11/15)            Temple (1/1) D:6            Lair (4/6) D:9
  Swamp (0/4) Lair:2        Snake (0/4) Lair:3
    Orc: D:9-12

Altars:
Ashenzari
Cheibriados
Dithmenos
Elyvilon
Fedhas
Gozag
Hepliaklqana
Kikubaaqudgha
Makhleb
Nemelex Xobeh
Okawaru
Qazlal
Ru
Sif Muna
Trog
Uskayaw
Vehumet
Wu Jian
Xom
Yredelemnul
Zin
The Shining One


Innate Abilities, Weirdness & Mutations

You can breathe blasts of scalding, opaque steam.
Your pale cyan-grey scales are hard. (AC +8)
You cannot fit into any form of body armour.
You are cold-blooded and may be slowed by cold attacks.
You are agile. (Dex +2)
You are robust. (+10% HP)


Message History

You feel sick. The spiny frog completely misses you.
The blink frog blinks!
You climb upwards.
You feel sick.
There is a stone staircase leading down here.
You hit the spiny frog.
Lightning courses through the spiny frog!
The spiny frog is severely wounded.
You feel sick. The spiny frog stings you.
You hit the spiny frog.
The spiny frog is severely wounded.
You feel sick. The spiny frog stings you!
* * * LOW HITPOINT WARNING * * *
You hit the spiny frog.
Lightning courses through the spiny frog!
The spiny frog is almost dead.
You feel sick. The spiny frog stings you!
* * * LOW HITPOINT WARNING * * *
You feel better. The spiny frog completely misses you.
The spiny frog stings you!!
You die...
Fedhas appreciates your contribution to the ecosystem.

###### #.#..# #.#.##
#....### ##....@F#
#......##
##......####
##...P....###
#>..#......##
#####...P...####
####.##.#..#.######
##..#.#####..###..#P
#....#.# ##........


You could see a spiny frog.

Vanquished Creatures
  Fannar (Lair:2)
  The ghost of NooBeakApe the Basher, a journeyman CeWr of Elyvilon (D:10)
  2 hydras
  2 two-headed ogres
  2 unseen horrors
  Pikel (D:8)
  The ghost of motoroller71 the Ducker, a novice GnGl (D:3)
  An ugly thing (D:11)
  A centaur zombie (D:10)
  2 spiny frogs
  2 komodo dragons
  A troll (D:10)
  The ghost of motoroller71 the Slasher, an amateur DsGl (D:4)
  Grinder (D:5)
  4 blink frogs
  2 hippogriffs
  4 dream sheep (Lair:4)
  Sigmund (D:3)
  3 wyverns
  21 yaks
  Grum (D:9)
  Menkaure (D:4)
  Duvessa (D:5)
  7 water moccasins
  7 porcupines
  A black bear (Lair:3)
  3 orc warriors
  An ice beast (D:10)
  5 phantoms
  2 sky beasts (D:10)
  3 slaves (D:8)
  An eye of draining (D:7)
  3 centaurs
  4 necrophages
  4 ogres
  2 wolves (D:9)
  4 crocodiles
  5 bullfrogs
  Dowan (D:5)
  3 scorpions
  7 wights
  6 howler monkeys
  3 crimson imps
  A bullfrog zombie (D:5)
  A quasit (D:11)
  4 hounds
  19 orc wizards
  2 jellies
  A bullfrog skeleton (D:8)
  7 orc priests
  5 centaur skeletons
  An iguana (D:6)
  4 worker ants
  A hound skeleton (D:8)
  2 worker ant zombies
  7 gnolls
  5 adders
  An ooze (D:1)
  2 adder skeletons
  3 worms
  A dart slug (D:1)
  6 leopard geckos
  28 orcs
  3 giant cockroaches
  8 goblins
  8 hobgoblins
  8 jackals
  8 kobolds
  7 quokkas
  A ball python (D:4)
  6 bats
  10 frilled lizards
  A jackal skeleton (D:6)
  2 leopard gecko skeletons
  7 rats
299 creatures vanquished.

Vanquished Creatures (others)
  A wolf spider zombie (D:10)
  A slave (D:10)
  3 necrophages (Lair:4)
  A kobold (D:1)
  6 fungi
  2 plants
  129 toadstools
143 creatures vanquished.

Grand Total: 442 creatures vanquished

Notes
Turn   | Place    | Note
-------+----------+-------------------------------------------
     0 | D:1      | NooBeakApe the Draconian Skald began the quest for the Orb.
     0 | D:1      | Reached XP level 1. HP: 17/17 MP: 3/3
   195 | D:1      | Reached XP level 2. HP: 6/25 MP: 5/5
  1059 | D:1      | Reached XP level 3. HP: 28/30 MP: 6/6
  1367 | D:1      | Learned a level 2 spell: Song of Slaying
  1370 | D:1      | Learned a level 2 spell: Shroud of Golubria
  2255 | D:2      | Reached skill level 3 in Maces & Flails
  2493 | D:3      | Noticed Sigmund
  2553 | D:2      | Reached XP level 4. HP: 33/38 MP: 7/7
  3082 | D:3      | Gained mutation: You are robust. (+10% HP) [potion of mutation]
  3082 | D:3      | Gained mutation: You are agile. (Dex +2) [potion of mutation]
  3088 | D:3      | Killed Sigmund
  3088 | D:3      | Reached skill level 4 in Maces & Flails
  3088 | D:3      | Reached skill level 1 in Translocations
  3088 | D:3      | Reached XP level 5. HP: 47/49 MP: 8/8
  3183 | D:3      | Reached XP level 6. HP: 55/56 MP: 9/9
  3202 | D:3      | Noticed motoroller71's ghost (novice GnGl)
  3202 | D:3      | Learned a level 3 spell: Regeneration
  3903 | D:4      | Your scales start taking on a pale cyan-grey colour.
  3903 | D:4      | Reached XP level 7. HP: 42/64 MP: 10/10
  3952 | D:4      | Found a glowing golden altar of the Shining One.
  4008 | D:4      | Noticed motoroller71's ghost (amateur DsGl)
  4014 | D:4      | Found a blossoming altar of Fedhas.
  4070 | D:4      | Killed motoroller71's ghost
  4070 | D:4      | Reached skill level 5 in Maces & Flails
  4070 | D:4      | Reached skill level 1 in Necromancy
  4187 | D:4      | Noticed Menkaure
  4192 | D:4      | Killed Menkaure
  4605 | D:3      | Killed motoroller71's ghost
  4605 | D:3      | Reached skill level 5 in Fighting
  4605 | D:3      | Reached skill level 6 in Maces & Flails
  4605 | D:3      | Reached XP level 8. HP: 27/74 MP: 11/11
  4834 | D:3      | Learned a level 2 spell: Blink
  5013 | D:5      | Entered Level 5 of the Dungeon
  5159 | D:5      | Noticed Dowan
  5184 | D:5      | Noticed Duvessa
  5197 | D:5      | Killed Duvessa
  5204 | D:5      | Killed Dowan
  5227 | D:5      | Noticed Grinder
  5234 | D:5      | Paralysed by Grinder for 7 turns
  5258 | D:5      | Paralysed by Grinder for 7 turns
  5262 | D:5      | Killed Grinder
  5262 | D:5      | Reached skill level 7 in Maces & Flails
  5262 | D:5      | Reached skill level 5 in Charms
  5659 | D:5      | Found a sacrificial altar of Ru.
  5661 | D:5      | Found a bloodstained altar of Trog.
  5731 | D:5      | Reached XP level 9. HP: 42/82 MP: 12/12
  5731 | D:5      | Reached skill level 5 in Dodging
  6018 | D:5      | Found a snail-covered altar of Cheibriados.
  6018 | D:5      | Found a hide-covered altar of Uskayaw.
  6351 | D:6      | Found a sparkling altar of Nemelex Xobeh.
  6549 | D:6      | Found a staircase to the Ecumenical Temple.
  6728 | Temple   | Entered the Ecumenical Temple
  7035 | D:4      | Became a worshipper of Fedhas Madash
  7123 | D:7      | Reached skill level 8 in Maces & Flails
  7327 | D:7      | Learned a level 3 spell: Spectral Weapon
  7835 | D:7      | Reached skill level 1 in Hexes
  7835 | D:7      | Reached skill level 1 in Evocations
  7911 | D:8      | Reached skill level 1 in Invocations
  8017 | D:8      | Noticed Pikel
  8036 | D:8      | Killed Pikel
  8036 | D:8      | Reached XP level 10. HP: 81/92 MP: 13/13
  8135 | D:8      | Reached * piety under Fedhas
  8194 | D:8      | Found a glowing silver altar of Zin.
  8549 | D:9      | Noticed Grum
  8558 | D:9      | Killed Grum
  8573 | D:9      | Found a staircase to the Lair.
  8731 | D:9      | Reached skill level 9 in Maces & Flails
  9119 | D:9      | You fall through a shaft for 2 floors!
  9169 | D:11     | Killed an unseen horror
  9415 | D:11     | Noticed a two-headed ogre
  9431 | D:11     | Killed a two-headed ogre
  9520 | D:11     | Noticed a red ugly thing
  9530 | D:11     | Killed a red ugly thing
  9652 | D:11     | Found a hazy altar of Hepliaklqana.
 10133 | D:10     | Entered Level 10 of the Dungeon
 10249 | D:10     | Noticed a two-headed ogre
 10256 | D:10     | Killed a two-headed ogre
 10256 | D:10     | Reached XP level 11. HP: 102/102 MP: 14/14
 10451 | D:10     | Noticed NooBeakApe's ghost (journeyman CeWr)
 10504 | D:10     | Killed NooBeakApe's ghost
 10890 | D:10     | Reached skill level 10 in Maces & Flails
 10911 | D:10     | Killed an unseen horror
 11255 | D:9      | Found a white marble altar of Elyvilon.
 11440 | Lair:1   | Entered Level 1 of the Lair of Beasts
 12791 | Lair:2   | Noticed an oklob plant
 12921 | Lair:2   | Reached skill level 5 in Evocations
 12924 | Lair:2   | Reached skill level 5 in Invocations
 13027 | Lair:2   | Reached ** piety under Fedhas
 13123 | Lair:2   | Noticed a five-headed hydra
 13286 | Lair:2   | Noticed Fannar
 13295 | Lair:2   | Killed Fannar
 13295 | Lair:2   | Reached XP level 12. HP: 62/113 MP: 14/16
 13366 | Lair:2   | Killed a five-headed hydra
 13406 | Lair:2   | Reached skill level 11 in Maces & Flails
 13527 | Lair:2   | Found a staircase to the Swamp.
 13827 | Lair:3   | Found a staircase to the Snake Pit.
 13942 | Lair:3   | Noticed a six-headed hydra
 13947 | Lair:3   | Killed a six-headed hydra
 14691 | Lair:4   | Noticed a six-headed hydra
 14838 | Lair:4   | Reached *** piety under Fedhas
 14843 | Lair:4   | Got a jewelled long sword
 14844 | Lair:4   | Identified the +6 long sword of Springtime {flame, rPois} (You found it on level 4 of the Lair of Beasts)
 14901 | Lair:3   | Slain by a spiny frog

Vault maps used:
D:1:      evilmike_arrival_crescent, lemuel_old_faithful
D:2:      first_ration
D:3:      minmay_misc_feat_secret_circle, uniq_sigmund
D:4:      overflow_temple_1_default, nicolae_overflow_crystal_walls,
          uniq_menkaure
D:5:      nicolae_overflow_hidden_temple, gammafunk_temple_overflow_statue,
          grunt_ministairs_12, uniq_grinder, uniq_duvessa
D:6:      minmay_temple_entry_nine_rooms, nemelex_lonely_heart_becter
D:8:      zin_statuary, uniq_pikel
D:9:      marbit_many_paths, lair_entry_dummy, grunt_pizzeria, uniq_grum
D:10:     minmay_misc_feat_enclosed
D:11:     basic_altar
Temple:   eino_temple_water
Lair:1:   serial_bayou_shore_b
Lair:2:   swamp_mist_pool, mumra_transporter_accident, uniq_fannar
Lair:3:   dummy_snake_entry, small_statue_intersection
Lair:4:   roderic_carrion_pond

Skill      XL: |  1  2  3  4  5  6  7  8  9 10 11 12 |
---------------+-------------------------------------+-----
Charms         | 3 4 5 6 7 |  7.9
Maces & Flails | 3 4 6 7 8 9 10 11 | 11.4
Fighting       | 3 4 5 6 7 8 9 |  9.0
Dodging        | 3 4 6 7 8 9 |  9.5
Translocations | 1 2 |  2.0
Necromancy     | 2 3 |  3.0
Hexes          | 2 |  2.0
Evocations     | 2 3 5 6 |  6.2
Invocations    | 1 3 5 6 |  6.1
Spellcasting   | |  2.0

Action                   |  1- 3 |  4- 6 |  7- 9 | 10-12 || total
-------------------------+-------+-------+-------+-------++-------
Melee: Mace              |    75 |       |       |       ||    75
       Tailslap          |    15 |    17 |    46 |    74 ||   152
       Whip              |    95 |    93 |    47 |     4 ||   239
       Long sword        |       |    44 |   135 |   186 ||   365
       Hand axe          |       |       |   112 |   181 ||   293
       Morningstar       |       |       |       |    88 ||    88
 Fire: Blowgun           |       |     4 |       |       ||     4
 Cast: Shroud of Golubri |       |     2 |     1 |     1 ||     4
       Spectral Weapon   |       |       |       |     3 ||     3
       Regeneration      |       |       |       |     1 ||     1
       Song of Slaying   |       |       |       |     1 ||     1
Invok: Fungal Bloom      |       |       |     7 |    32 ||    39
 Abil: Breathe Steam     |       |       |    22 |    45 ||    67
Evoke: Wand              |       |       |       |    12 ||    12
  Use: Potion            |       |     6 |     3 |     3 ||    12
       Scroll            |       |       |    14 |    13 ||    27
 Stab: Distracted        |     1 |       |     1 |     2 ||     4
       Sleeping          |       |       |     1 |       ||     1
  Eat: Chunk             |     3 |     5 |    16 |    21 ||    45
       Ration            |     2 |       |       |     2 ||     4
Armor: Skin              |    53 |    26 |    99 |   112 ||   290
Dodge: Dodged            |   100 |    86 |   194 |   476 ||   856
       Rpst.: Long sword |       |    12 |    34 |    70 ||   116

Table legend:
 A = Spawn XP
 B = Non-spawn XP
 C = Spawn XP percentage of total XP
 D = Spawn monster count
 E = Non-spawn monster count
 F = Spawn count percentage of total count
 G = Total turns spent on level
                    A         B        C        D         E        F      G
               +---------+---------+-------+---------+---------+-------+---------
         Total |       0 |   29692 |   0.0 |       0 |     297 |   0.0 | 14901
               +---------+---------+-------+---------+---------+-------+---------
           D:1 |       0 |      54 |   0.0 |       0 |      29 |   0.0 |  1371
           D:2 |       0 |      84 |   0.0 |       0 |      20 |   0.0 |  1344
           D:3 |       0 |     870 |   0.0 |       0 |      19 |   0.0 |   937
           D:4 |       0 |     937 |   0.0 |       0 |      20 |   0.0 |  1411
           D:5 |       0 |     974 |   0.0 |       0 |      21 |   0.0 |  1090
           D:6 |       0 |     788 |   0.0 |       0 |      22 |   0.0 |   721
           D:7 |       0 |     692 |   0.0 |       0 |      23 |   0.0 |   792
           D:8 |       0 |    1745 |   0.0 |       0 |      26 |   0.0 |   486
           D:9 |       0 |    1518 |   0.0 |       0 |      20 |   0.0 |  1083
          D:10 |       0 |    4468 |   0.0 |       0 |      17 |   0.0 |   957
          D:11 |       0 |    2806 |   0.0 |       0 |      16 |   0.0 |  1014
        Lair:1 |       0 |    2381 |   0.0 |       0 |      13 |   0.0 |  1395
        Lair:2 |       0 |    6248 |   0.0 |       0 |      23 |   0.0 |   980
        Lair:3 |       0 |    3802 |   0.0 |       0 |      16 |   0.0 |   901
        Lair:4 |       0 |    2325 |   0.0 |       0 |      12 |   0.0 |   185
               +---------+---------+-------+---------+---------+-------+---------
